 Dungeon Crawl Stone Soup version 0.23.0 (webtiles) character file.

Game seed: 5235172485498645602

17538 HighWolly the Summoner (level 12, -2/89 (91) HPs)
             Began as a Gnoll Summoner on Feb 14, 2019.
             Was a High Priest of Okawaru.
             Slain by an eight-headed hydra (14 damage)
             ... on level 3 of the Lair of Beasts.
             The game lasted 00:48:14 (19533 turns).

HighWolly the Summoner (Gnoll Summoner)            Turns: 19533, Time: 00:48:15

HP:   -2/89 (91)    AC: 11    Str: 14    XL:     12   Next: 49%
MP:   21/33         EV: 18    Int: 18    God:    Okawaru [*****.]
Gold: 629           SH: 10    Dex: 17    Spells: 18/28 levels left

rFire    + . .     SeeInvis .   a - +3 spear (venom)
rCold    + . .     Gourm    .   v - +0 buckler
rNeg     . . .     Faith    .   J - +2 robe {rC+}
rPois    .         Spirit   .   j - +0 hat
rElec    .         Reflect  +   k - +0 cloak
rCorr    .         Harm     .   T - +1 pair of gloves {archery}
MR       .....                  L - +2 pair of boots {run}
Stlth    ++++......             p - +4 amulet of reflection
HPRegen  0.24/turn              (no ring)
MPRegen  0.23/turn              y - ring of the Tempest {rF+ MP+9}

@: slowed, very slow
A: distributed training, fangs 1, strong nose
a: Heroism, Finesse, Renounce Religion


You were on level 3 of the Lair of Beasts.
You worshipped Okawaru.
Okawaru was extremely pleased with you.
You were not hungry.

You visited 3 branches of the dungeon, and saw 16 of its levels.
You also visited: Trove.

You collected 1038 gold pieces.
You spent 409 gold pieces at shops.

Inventory:

Hand Weapons
 a - a +3 spear of venom (weapon)
   (You took it off a gnoll sergeant on level 11 of the Dungeon)
 E - a +6 dagger of freezing
   (You found it on level 7 of the Dungeon)
 M - the +5 whip of the Common Good {flame, MR++ Int-5}
   (You found it in a treasure trove)

   It has been specially enchanted to burn those struck by it, causing extra
   injury to most foes and up to half again as much damage against particularly
   susceptible opponents.
   It affects your intelligence (-5).
   It affects your resistance to hostile enchantments.
Missiles
 x - a throwing net {!f}
 K - 6 silver javelins (quivered)
Armour
 j - a +0 hat (worn)
   (You found it in a treasure trove)
 k - a +0 cloak (worn)
   (You took it off Crazy Yiuf on level 5 of the Dungeon)
 v - a +0 buckler (worn)
   (You found it on level 8 of the Dungeon)
 J - a +2 robe of cold resistance (worn)
   (You took it off Erolcha on level 9 of the Dungeon)
 L - a +2 pair of boots of running (worn)
   (You bought it in a shop on level 8 of the Dungeon)
 T - a +1 pair of gloves of archery (worn)
   (Okawaru gifted it to you on level 3 of the Lair of Beasts)
Jewellery
 l - an uncursed ring of protection from magic
   (You found it in a treasure trove)
 p - a +4 amulet of reflection (around neck)
   (You found it on level 1 of the Dungeon)
 y - the ring of the Tempest (right hand) {rF+ MP+9}
   (You found it in a treasure trove)

   [ring of magical power]

   It protects you from fire.
   It affects your magic capacity (+9).
 z - an uncursed ring of see invisible
   (You found it in a treasure trove)
 Q - the ring "Borusaqa" {rCorr *Contam rC- MR+++ Int+6}
   (You found it on level 2 of the Lair of Beasts)

   [ring of resist corrosion]

   It affects your intelligence (+6).
   It makes you vulnerable to cold.
   It affects your resistance to hostile enchantments.
   It causes magical contamination when unequipped.
Wands
 c - a wand of disintegration (7)
   (You found it on level 7 of the Dungeon)
 d - a wand of iceblast (10)
   (You found it on level 6 of the Dungeon)
 s - a wand of clouds (4)
   (You found it on level 1 of the Lair of Beasts)
 t - a wand of flame (10)
   (You found it on level 7 of the Dungeon)
 u - a wand of paralysis (11)
   (You found it on level 2 of the Lair of Beasts)
 O - a wand of polymorph (8)
   (You found it on level 10 of the Dungeon)
Scrolls
 f - 6 scrolls of remove curse {@r2}
 i - 2 scrolls of amnesia
 m - 4 scrolls of enchant weapon
 n - 6 scrolls of teleportation {@r4}
 A - 2 scrolls of fog
 I - 3 scrolls of blinking
 P - 4 scrolls of magic mapping
 S - a scroll of identify {@r1}
Potions
 b - 3 potions of ambrosia
 g - 3 potions of heal wounds {@q2}
 h - 2 potions of lignification {!q}
 o - 7 potions of curing {@q1}
 q - 7 potions of brilliance
 r - 2 potions of might
 w - 2 potions of resistance
 B - a potion of invisibility
 C - a potion of haste {@q3}
 D - a potion of magic
 F - 6 potions of mutation {!q}
 R - 5 potions of flight
 U - a potion of agility {unknown}
Miscellaneous
 H - a lamp of fire
   (You found it on level 1 of the Lair of Beasts)
 N - a phantom mirror
Comestibles
 e - 23 rations {!d}


   Skills:
 + Level 7.2 Fighting
 + Level 7.2 Short Blades
 + Level 7.2 Long Blades
 + Level 7.2 Axes
 + Level 7.2 Maces & Flails
 + Level 7.2 Polearms
 + Level 7.2 Staves
 + Level 7.2 Slings
 + Level 7.2 Bows
 + Level 7.2 Crossbows
 + Level 7.2 Throwing
 + Level 7.2 Armour
 + Level 8.6 Dodging
 + Level 8.4 Stealth
 + Level 7.2 Shields
 + Level 7.2 Unarmed Combat
 + Level 8.9 Spellcasting
 + Level 6.0 Conjurations
 + Level 6.0 Hexes
 + Level 6.0 Charms
 + Level 9.4 Summonings
 + Level 6.0 Necromancy
 + Level 6.0 Translocations
 + Level 6.0 Transmutations
 + Level 6.0 Fire Magic
 + Level 6.0 Ice Magic
 + Level 6.0 Air Magic
 + Level 6.0 Earth Magic
 + Level 6.0 Poison Magic
 + Level 7.9 Invocations
 + Level 7.2 Evocations


You had 18 spell levels left.
You knew the following spells:

 Your Spells              Type           Power        Failure   Level  Hunger
d - Summon Ice Beast      Ice/Summ       #####...     3%          4    ###....
x - Call Imp              Summ           #####...     1%          2    None
z - Summon Lightning Spi  Summ/Air       #####...     3%          4    ###....

Your spell library contained the following spells:

 Spells                   Type           Power        Failure   Level  Hunger
 Animate Skeleton         Necr           N/A          1%          1    None
 Apportation              Tloc           ####..       1%          1    None
 Confusing Touch          Hex            ####..       1%          1    None
 Summon Small Mammal      Summ           ####         1%          1    None
 Call Canine Familiar     Summ           #####...     1%          3    None
 Summon Guardian Golem    Hex/Summ       #####...     1%          3    None
 Ignite Poison            Fire/Tmut/Pois ####....     2%          3    None
 Fireball                 Conj/Fire      ####......   22%         5    #####..
 Bolt of Fire             Conj/Fire      ####......   75%         6    ######.
 Ring of Flames           Chrm/Fire      ####......   100%        7    #######
 Ignition                 Fire           ####......   100%        8    #######


Dungeon Overview and Level Annotations

Branches:
Dungeon (12/15)            Temple (1/1) D:5            Lair (3/6) D:10
 Shoals (0/4) Lair:2       Spider (0/4) Lair:2          Orc (0/2) D:10

Altars:
Ashenzari
Cheibriados
Dithmenos
Fedhas
Gozag
Hepliaklqana
Kikubaaqudgha
Makhleb
Okawaru
Qazlal
Ru
Uskayaw
Xom
The Shining One

Shops:
D:8 (?[%

Annotations:
D:12 Nessos


Innate Abilities, Weirdness & Mutations

Your experience applies equally to all skills.
You have very sharp teeth.
Your uncanny sense of smell can sniff out nearby items.


Message History

Found 10 gold pieces.
A chill wind blows around you. A chill wind blows around you.
A torpor snail comes into view.
Being near the torpor snail leaves you feeling lethargic.
A dream sheep comes into view.
The dream sheep bleats!
The dream sheep ruffle their wool and motes of dream dust sparkle, to no effect.
The dream sheep shake their wool and sparkle.
You feel drowsy...
You fall asleep.
An eight-headed hydra comes into view.
The dream sheep misses you.
Your ice beast hits the dream sheep.
Your ice beast freezes the dream sheep!
The dream sheep misses you.
Your ice beast hits the torpor snail but does no damage.
The dream sheep closely misses your ice beast.
The dream sheep bites your ice beast!
Your ice beast hits the dream sheep.
Your ice beast freezes the dream sheep!
The dream sheep dies!
Okawaru accepts your kill.
Your ice beast hits the torpor snail but does no damage.
The dream sheep bites your ice beast but does no damage.
The torpor snail bites you!!!
You wake up.
The eight-headed hydra bites your ice beast.
The eight-headed hydra bites your ice beast but does no damage.
The eight-headed hydra bites your ice beast.
The eight-headed hydra bites your ice beast!
The eight-headed hydra closely misses your ice beast.
The eight-headed hydra bites your ice beast!
Your ice beast dies!
A chill wind blows around you.
Your ice beast hits the torpor snail.
Your ice beast freezes the torpor snail.
You block the dream sheep's attack. The torpor snail bites you!
* * * LOW HITPOINT WARNING * * *
Your ice beast hits the torpor snail.
Your ice beast freezes the torpor snail!
A chill wind blows around you.
The dream sheep barely misses your ice beast.
The eight-headed hydra bites you.
* * * LOW HITPOINT WARNING * * *
The eight-headed hydra closely misses you.
The eight-headed hydra bites you.
* * * LOW HITPOINT WARNING * * *
The eight-headed hydra barely misses you.
The eight-headed hydra bites you!
* * * LOW HITPOINT WARNING * * *
The eight-headed hydra closely misses you.
The eight-headed hydra bites you but does no damage.
The eight-headed hydra bites you!
You die...

#..# ###.##.#... # ##
##..# #.##..[.# #.
##....# ####....# ####.
#....#. ##...####.#..
......######.......#..#.
#.......##$#...........
#.......#............
###.YY.......##.#......
#...Yw@.....######.....
###†.D......# #P###.
#......Y..P# ### ##
#.$.........#
#.#............ ..
#............. .
....P##.#####.. ...##
### ##


You could see an eight-headed hydra, a torpor snail, a dream sheep and 3
friendly ice beasts.

Vanquished Creatures
  Rupert (Lair:3)
  A hydra (Lair:2)
  A two-headed ogre (D:11)
  A deep elf mage (D:11)
  An oklob plant (D:10)
  A centaur zombie (D:11)
  A black mamba (Lair:1)
  Maurice (D:9)
  Psyche (D:11)
  A centaur skeleton (D:11)
  3 spiny frogs
  A demonic crawler (Lair:2)
  2 komodo dragons (Lair:2)
  Prince Ribbit (D:7)
  3 blink frogs (Lair:2)
  2 hippogriffs
  5 yaks
  A basilisk (Lair:2)
  Grum (D:8)
  A hog (D:7)
  A human (D:7)
  A hungry ghost (D:7)
  An acid dragon (D:11)
  2 water moccasins
  3 porcupines
  A sky beast (D:8)
  4 orc warriors
  An ice beast (D:11)
  5 ogres
  A phantom (D:9)
  A necrophage (D:9)
  A wolf (D:8)
  4 centaurs
  2 crocodiles
  2 big kobolds
  A gnoll sergeant (D:11)
  9 bullfrogs
  7 scorpions
  3 killer bees (D:9)
  6 wights
  A crimson imp (D:11)
  2 gnoll shamans (D:10)
  2 bullfrog zombies
  3 hounds
  A bullfrog skeleton (D:9)
  3 jellies
  Crazy Yiuf (D:5)
  2 orc priests
  An iguana (D:7)
  8 worker ants
  9 orc wizards
  A hound zombie (D:11)
  3 worker ant zombies
  8 gnolls
  7 adders
  2 shadow imps
  2 oozes (D:1)
  2 adder skeletons
  An adder zombie (D:5)
  3 worms
  4 dart slugs
  A leopard gecko (D:9)
  14 orcs
  3 giant cockroaches
  8 goblins
  3 hobgoblins
  5 jackals
  4 quokkas
  5 bats
  6 frilled lizards
  A giant cockroach zombie (D:6)
  A jackal skeleton (D:9)
  13 kobolds
  A quokka zombie (D:6)
  3 rats
  3 fungi (D:10)
  3 plants (D:10)
226 creatures vanquished.

Vanquished Creatures (collateral kills)
  Erolcha (D:9)
  A hydra (D:9)
  A manticore (D:11)
  A merfolk siren (Lair:2)
  A dream sheep (Lair:3)
  6 hippogriffs
  Sigmund (D:2)
  6 yaks
  2 hogs (D:7)
  A basilisk (Lair:1)
  Edmund (D:6)
  A water moccasin (Lair:2)
  2 porcupines
  6 orc warriors
  2 sky beasts
  3 phantoms
  A centaur (D:9)
  3 ogres
  A crocodile (Lair:1)
  A wolf (D:8)
  2 big kobolds
  4 bullfrogs
  Blork the orc (D:6)
  A killer bee (D:9)
  A howler monkey (D:9)
  11 wights
  A crimson imp (D:6)
  3 hounds
  3 jellies
  4 orc priests
  8 orc wizards
  A bullfrog skeleton (D:6)
  2 gnoll shamans (D:10)
  2 worker ants
  2 hound zombies
  A hound skeleton (D:6)
  12 gnolls
  2 adders
  3 worms
  A dart slug (D:1)
  A leopard gecko (D:7)
  28 orcs
  A giant cockroach (Lair:2)
  A goblin (D:1)
  A hobgoblin (D:2)
  A jackal (D:2)
  9 kobolds
  2 quokkas
  2 frilled lizards (D:1)
153 creatures vanquished.

Vanquished Creatures (others)
  An orc (D:11)
  4 fungi
5 creatures vanquished.

Grand Total: 384 creatures vanquished

Notes
Turn   | Place    | Note
-------+----------+-------------------------------------------
     0 | D:1      | HighWolly the Gnoll Summoner began the quest for the Orb.
     0 | D:1      | Reached XP level 1. HP: 13/13 MP: 6/6
   419 | D:1      | Reached XP level 2. HP: 19/19 MP: 7/7
   936 | D:1      | Reached XP level 3. HP: 18/25 MP: 6/9
  1081 | D:2      | Reached skill level 5 in Spellcasting
  1099 | D:2      | Learned a level 2 spell: Call Imp
  1222 | D:2      | Reached skill level 1 in Invocations
  1437 | D:2      | Reached skill level 1 in Fighting
  1437 | D:2      | Reached skill level 1 in Short Blades
  1437 | D:2      | Reached skill level 1 in Long Blades
  1437 | D:2      | Reached skill level 1 in Axes
  1437 | D:2      | Reached skill level 1 in Maces & Flails
  1437 | D:2      | Reached skill level 1 in Polearms
  1437 | D:2      | Reached skill level 1 in Staves
  1437 | D:2      | Reached skill level 1 in Slings
  1437 | D:2      | Reached skill level 1 in Bows
  1437 | D:2      | Reached skill level 1 in Crossbows
  1437 | D:2      | Reached skill level 1 in Throwing
  1437 | D:2      | Reached skill level 1 in Armour
  1437 | D:2      | Reached skill level 1 in Shields
  1437 | D:2      | Reached skill level 1 in Unarmed Combat
  1437 | D:2      | Reached skill level 1 in Evocations
  1599 | D:2      | You fall through a shaft!
  1604 | D:3      | Reached XP level 4. HP: 32/32 MP: 11/11
  1670 | D:2      | Noticed Sigmund
  1688 | D:2      | Killed Sigmund
  1688 | D:2      | Reached skill level 1 in Conjurations
  1688 | D:2      | Reached skill level 1 in Hexes
  1688 | D:2      | Reached skill level 1 in Charms
  1688 | D:2      | Reached skill level 1 in Necromancy
  1688 | D:2      | Reached skill level 1 in Translocations
  1688 | D:2      | Reached skill level 1 in Transmutations
  1688 | D:2      | Reached skill level 1 in Fire Magic
  1688 | D:2      | Reached skill level 1 in Ice Magic
  1688 | D:2      | Reached skill level 1 in Air Magic
  1688 | D:2      | Reached skill level 1 in Earth Magic
  1688 | D:2      | Reached skill level 1 in Poison Magic
  1688 | D:2      | Reached XP level 5. HP: 31/37 MP: 9/12
  1817 | D:3      | Noticed an ogre
  2622 | D:3      | Killed an ogre
  2708 | D:3      | Found an opulent altar of Gozag.
  2712 | D:3      | Reached XP level 6. HP: 43/44 MP: 13/13
  3019 | D:3      | Found a glowing golden altar of the Shining One.
  3299 | D:4      | Learned a level 4 spell: Summon Ice Beast
  3304 | D:4      | Learned a level 4 spell: Summon Lightning Spire
  3369 | D:4      | Reached skill level 5 in Dodging
  3969 | D:5      | Entered Level 5 of the Dungeon
  4102 | D:5      | Found an ancient bone altar of Kikubaaqudgha.
  4102 | D:5      | Found a hide-covered altar of Uskayaw.
  4102 | D:5      | Found a burning altar of Makhleb.
  4102 | D:5      | Found a stormy altar of Qazlal.
  4265 | D:5      | Reached XP level 7. HP: 31/50 MP: 15/15
  4834 | D:5      | Found a staircase to the Ecumenical Temple.
  4858 | Temple   | Entered the Ecumenical Temple
  4921 | Temple   | Became a worshipper of Warmaster Okawaru
  5110 | D:5      | Found a runed translucent door.
  5111 | D:5      | Noticed Crazy Yiuf
  5193 | D:5      | Killed Crazy Yiuf
  5193 | D:5      | Reached skill level 5 in Stealth
  5421 | D:6      | Noticed Blork the orc
  5431 | D:6      | Killed Blork the orc
  5431 | D:6      | Reached XP level 8. HP: 55/57 MP: 8/16
  5548 | D:6      | Reached * piety under Okawaru
  5549 | D:6      | Found a shattered altar of Ashenzari.
  5682 | D:6      | Noticed Edmund
  6941 | D:6      | Reached ** piety under Okawaru
  7237 | D:6      | Killed Edmund
  7715 | D:7      | Reached XP level 9. HP: 44/65 MP: 7/18
  8571 | D:7      | Reached skill level 8 in Summonings
  8877 | D:7      | Noticed Prince Ribbit
  8896 | D:7      | Killed Prince Ribbit
  8896 | D:7      | Reached *** piety under Okawaru
  9520 | D:7      | Reached skill level 5 in Invocations
 10146 | D:8      | Reached XP level 10. HP: 67/73 MP: 17/20
 10434 | D:8      | Found Kodd's Food Emporium.
 10475 | D:8      | Found Ysoe's Magic Scroll Boutique.
 10486 | D:8      | Found Setzy's Antique Weapon Emporium.
 10768 | D:8      | Noticed Grum
 10775 | D:8      | Killed Grum
 10784 | D:8      | Reached **** piety under Okawaru
 10791 | D:8      | Reached skill level 5 in Fighting
 10791 | D:8      | Reached skill level 5 in Short Blades
 10791 | D:8      | Reached skill level 5 in Long Blades
 10791 | D:8      | Reached skill level 5 in Axes
 10791 | D:8      | Reached skill level 5 in Maces & Flails
 10791 | D:8      | Reached skill level 5 in Polearms
 10791 | D:8      | Reached skill level 5 in Staves
 10791 | D:8      | Reached skill level 5 in Slings
 10791 | D:8      | Reached skill level 5 in Bows
 10791 | D:8      | Reached skill level 5 in Crossbows
 10791 | D:8      | Reached skill level 5 in Throwing
 10791 | D:8      | Reached skill level 5 in Armour
 10791 | D:8      | Reached skill level 5 in Shields
 10791 | D:8      | Reached skill level 5 in Unarmed Combat
 10791 | D:8      | Reached skill level 5 in Evocations
 11037 | D:8      | Found Uvoerres's Armour Boutique.
 11332 | D:9      | Found a shadowy altar of Dithmenos.
 11409 | D:9      | Noticed Erolcha
 11437 | D:9      | Killed Erolcha
 11437 | D:9      | Received a gift from Okawaru
 11801 | D:9      | Found a sacrificial altar of Ru.
 11852 | D:9      | Noticed Maurice
 12039 | D:9      | Found a shimmering altar of Xom.
 12361 | D:9      | Killed Maurice
 12411 | D:9      | Received a gift from Okawaru
 12458 | D:8      | Bought a +0 pair of boots of running for 409 gold pieces
 12687 | D:9      | Noticed an eight-headed hydra
 12700 | D:9      | Reached ***** piety under Okawaru
 12720 | D:9      | Killed an eight-headed hydra
 12857 | D:9      | Noticed a stone giant
 12857 | D:9      | Noticed a storm dragon
 12857 | D:9      | Noticed a brown very ugly thing
 13162 | D:10     | Entered Level 10 of the Dungeon
 13163 | D:10     | Found a portal to a secret trove of treasure.
 13180 | Trove    | Entered a treasure trove
 13197 | Trove    | Got a glittering glass ring
 13205 | Trove    | Got an ichor-stained whip
 13206 | Trove    | Identified the +5 whip of the Common Good {flame, MR++
                  | Int-5} (You found it in a treasure trove)
 13378 | D:10     | Identified the ring of the Tempest {rF+ MP+9} (You found it
                  | in a treasure trove)
 13446 | D:10     | Found a staircase to the Orcish Mines.
 13452 | D:10     | Found a staircase to the Lair.
 13452 | D:10     | Noticed an oklob plant
 13811 | D:10     | Reached XP level 11. HP: 67/79 MP: 22/22
 14661 | D:10     | Killed an oklob plant
 14777 | D:11     | Noticed a manticore
 14792 | D:11     | Killed a manticore
 14813 | D:11     | Reached skill level 5 in Conjurations
 14813 | D:11     | Reached skill level 5 in Hexes
 14813 | D:11     | Reached skill level 5 in Charms
 14813 | D:11     | Reached skill level 5 in Necromancy
 14813 | D:11     | Reached skill level 5 in Translocations
 14813 | D:11     | Reached skill level 5 in Transmutations
 14813 | D:11     | Reached skill level 5 in Fire Magic
 14813 | D:11     | Reached skill level 5 in Ice Magic
 14813 | D:11     | Reached skill level 5 in Air Magic
 14813 | D:11     | Reached skill level 5 in Earth Magic
 14813 | D:11     | Reached skill level 5 in Poison Magic
 15348 | D:11     | Noticed a deep elf mage
 15361 | D:11     | Killed a deep elf mage
 15955 | D:11     | Noticed a two-headed ogre
 15975 | D:11     | Killed a two-headed ogre
 16102 | D:11     | Noticed Psyche
 16113 | D:11     | Killed Psyche
 16113 | D:11     | Received a gift from Okawaru
 16113 | D:11     | Reached skill level 9 in Summonings
 16522 | D:12     | Noticed a two-headed ogre
 16525 | D:12     | Noticed Nessos
 16580 | Lair:1   | Entered Level 1 of the Lair of Beasts
 17347 | Lair:1   | You fall through a shaft!
 17449 | Lair:2   | Noticed a six-headed hydra
 17472 | Lair:2   | Killed a six-headed hydra
 17472 | Lair:2   | Reached XP level 12. HP: 87/87 MP: 12/24
 18048 | Lair:2   | Found a hole to the Spider Nest.
 18326 | Lair:2   | Got a fine tin ring
 18334 | Lair:2   | Identified the ring "Borusaqa" {rCorr *Contam rC- MR+++
                  | Int+6} (You found it on level 2 of the Lair of Beasts)
 18402 | Lair:2   | You fall through a shaft!
 18415 | Lair:3   | Noticed Rupert
 18419 | Lair:3   | Paralysed by Rupert for 5 turns
 18437 | Lair:3   | Killed Rupert
 18718 | Lair:3   | Received a gift from Okawaru
 19064 | Lair:2   | Found a staircase to the Shoals.
 19524 | Lair:3   | Noticed an eight-headed hydra
 19533 | Lair:3   | Slain by an eight-headed hydra

Skill      XL: |  1  2  3  4  5  6  7  8  9 10 11 12 |
---------------+-------------------------------------+-----
Spellcasting   | 5 6 7 8 |  8.9
Invocations    | 1 2 3 4 5 6 7 |  7.9
Fighting       | 1 2 3 4 5 6 7 |  7.2
Short Blades   | 1 2 3 4 5 6 7 |  7.2
Long Blades    | 1 2 3 4 5 6 7 |  7.2
Axes           | 1 2 3 4 5 6 7 |  7.2
Maces & Flails | 1 2 3 4 5 6 7 |  7.2
Polearms       | 1 2 3 4 5 6 7 |  7.2
Staves         | 1 2 3 4 5 6 7 |  7.2
Slings         | 1 2 3 4 5 6 7 |  7.2
Bows           | 1 2 3 4 5 6 7 |  7.2
Crossbows      | 1 2 3 4 5 6 7 |  7.2
Throwing       | 1 2 3 4 5 6 7 |  7.2
Armour         | 1 2 3 4 5 6 7 |  7.2
Shields        | 1 2 3 4 5 6 7 |  7.2
Unarmed Combat | 1 2 3 4 5 6 7 |  7.2
Evocations     | 1 2 3 4 5 6 7 |  7.2
Conjurations   | 1 2 3 4 5 6 |  6.0
Hexes          | 1 2 3 4 5 6 |  6.0
Charms         | 1 2 3 4 5 6 |  6.0
Necromancy     | 1 2 3 4 5 6 |  6.0
Translocations | 1 2 3 4 5 6 |  6.0
Transmutations | 1 2 3 4 5 6 |  6.0
Fire Magic     | 1 2 3 4 5 6 |  6.0
Ice Magic      | 1 2 3 4 5 6 |  6.0
Air Magic      | 1 2 3 4 5 6 |  6.0
Earth Magic    | 1 2 3 4 5 6 |  6.0
Poison Magic   | 1 2 3 4 5 6 |  6.0
Dodging        | 5 6 7 8 |  8.6
Stealth        | 5 6 7 8 |  8.4
Summonings     | 8 9 |  9.4

Action                   |  1- 3 |  4- 6 |  7- 9 | 10-12 || total
-------------------------+-------+-------+-------+-------++-------
Melee: Dagger            |    17 |       |   349 |   182 ||   548
       Unarmed           |     3 |       |       |       ||     3
       Bite              |     7 |    14 |    43 |    98 ||   162
       Whip              |    68 |   125 |     3 |   217 ||   413
       Punch             |       |     1 |     8 |       ||     9
       Spear             |       |       |       |   350 ||   350
 Cast: Summon Small Mamm |     6 |       |       |       ||     6
       Call Imp          |     4 |    34 |    27 |    21 ||    86
       Summon Ice Beast  |       |     2 |    24 |    79 ||   105
       Summon Lightning  |       |       |    12 |    25 ||    37
Invok: Heroism           |       |       |     7 |     3 ||    10
Evoke: Wand              |       |       |       |     6 ||     6
  Use: Scroll            |     6 |     9 |     7 |     9 ||    31
       Potion            |       |       |     2 |       ||     2
 Stab: Sleeping          |     9 |     4 |     7 |    16 ||    36
       Distracted        |     1 |     3 |     3 |    13 ||    20
  Eat: Chunk             |     2 |     9 |    15 |    29 ||    55
       Ration            |       |       |     4 |     4 ||     8
Armor: Robe              |     6 |    15 |    31 |    80 ||   132
Dodge: Dodged            |    49 |    95 |   197 |   311 ||   652
Block: Other             |     6 |    24 |    50 |     5 ||    85
       Reflection        |     1 |       |     4 |     5 ||    10
       Buckler           |       |       |       |   203 ||   203
